AA
MILWAUKEE MILKMEN @ ST. PAUL SAINTS
06/28/2072
 
TOP OF THE 1ST
Cleburne Railroaders batting - Pitching for Lincoln Saltdogs : RHP Jake Gardner
Pitching: RHP Jake Gardner
Batting: RHB Mike Latham 0-0: Ball
1-0: Called Strike
1-1: Fly out, F8 (Flyball, 8RS, EV 77.5 MPH)
Batting: LHB Geoff Stanton 0-0: Swinging Strike
0-1: Ball
1-1: Called Strike
1-2: Foul Ball, location: 2F
1-2: Foul Ball, location: 2F
1-2: SINGLE (Groundball, 34D, EV 102.5 MPH)
Batting: LHB Nathan Tennant 0-0: Ball
Geoff Stanton steals 2nd base
1-0: SINGLE (Groundball, 34D, EV 88.1 MPH) (infield hit)
Geoff Stanton to third
Batting: LHB Hyun-oo Kang 0-0: Ball
1-0: Ball
2-0: Called Strike
2-1: Grounds into double play, 1-6-3 (Groundball, 13S, EV 65.6 MPH)
Top of the 1st over - 0 runs, 2 hits, 0 errors, 1 left on base; Cleburne 0 - Lincoln 0
BOTTOM OF THE 1ST
Lincoln Saltdogs batting - Pitching for Cleburne Railroaders : RHP Joe Jones
Pitching: RHP Joe Jones
Batting: RHB Jesus Aguilar 0-0: Swinging Strike
0-1: SOLO HOME RUN (Flyball, 7D, EV 108.8 MPH), Distance : 399 ft
Batting: LHB Adrian Moreno 0-0: Called Strike
0-1: Ball
1-1: Foul Ball, location: 2F
1-2: SOLO HOME RUN (Flyball, 9LD, EV 99.4 MPH), Distance : 344 ft
Batting: SHB Tony Cantu 0-0: Ball
1-0: Ball
2-0: Foul Ball, location: 2F
2-1: Ball
3-1: Swinging Strike
3-2: Foul Ball, location: 2F
3-2: Base on Balls
Batting: RHB Mike Cunningham 0-0: Foul Ball, location: 2F
0-1: Ball
1-1: Swinging Strike
1-2: Fly out, F9 (Flyball, 89D, EV 98.1 MPH)
Batting: LHB Tyler Hedderman 0-0: Hit by Pitch
Tony Cantu to second
Pinch Runner at 1st Andrew Thatcher:
Batting: RHB Noah Dotson 0-0: Swinging Strike
0-1: Fly out, F9 (Line Drive, 9, EV 99.4 MPH)
Batting: RHB Manny Bentancourt 0-0: Called Strike
0-1: Fly out, F1 (Line Drive, P, EV 65.0 MPH)
Bottom of the 1st over - 2 runs, 2 hits, 0 errors, 2 left on base; Cleburne 0 - Lincoln 2
TOP OF THE 2ND
Cleburne Railroaders batting - Pitching for Lincoln Saltdogs : RHP Jake Gardner
Now in RF: Andrew Thatcher
Batting: RHB Moises Torres 0-0: Ball
1-0: Ground out 4-3 (Groundball, 4, EV 100.0 MPH)
Batting: RHB Javy Diaz 0-0: Foul Ball, location: 2F
0-1: Foul Ball, location: 2F
0-2: Ball
1-2: Ball
2-2: Strikes out looking
Batting: RHB Fernando Miranda 0-0: Called Strike
0-1: Called Strike
0-2: Ball
1-2: Ball
2-2: Strikes out looking
Top of the 2nd over - 0 runs, 0 hits, 0 errors, 0 left on base; Cleburne 0 - Lincoln 2
BOTTOM OF THE 2ND
Lincoln Saltdogs batting - Pitching for Cleburne Railroaders : RHP Joe Jones
Batting: RHB Martin Sarazin 0-0: Ball
1-0: Called Strike
1-1: Ball
2-1: Ball
3-1: Base on Balls
Batting: RHB Juan Ruiz 0-0: Ball
1-0: Swinging Strike
1-1: Ball
2-1: Fielders Choice at 2nd, 5-4 (Groundball, 5L, EV 90.0 MPH)
Batting: RHB Jesus Aguilar 0-0: Foul Ball, location: 2F
0-1: Called Strike
0-2: Ball
1-2: Fly out, F9 (Line Drive, 9D, EV 87.5 MPH)
Batting: LHB Adrian Moreno 0-0: Ball
1-0: Ball
2-0: Called Strike
2-1: Fly out, F8 (Flyball, 8LD, EV 105.6 MPH)
Bottom of the 2nd over - 0 runs, 0 hits, 0 errors, 1 left on base; Cleburne 0 - Lincoln 2
TOP OF THE 3RD
Cleburne Railroaders batting - Pitching for Lincoln Saltdogs : RHP Jake Gardner
Batting: RHB Ryan Mayes 0-0: Ball
1-0: Swinging Strike
1-1: Called Strike
1-2: Ball
2-2: DOUBLE (Line Drive, 8LXD, EV 104.4 MPH)
Batting: RHB Andres Reyes 0-0: Ball
1-0: Ball
2-0: Called Strike
2-1: Ball
3-1: Foul Ball, location: 2F
3-2: Base on Balls
Batting: RHB Mike Latham 0-0: Ball
1-0: Ball
2-0: Foul Ball, location: 2F
2-1: Ball
3-1: Fielders Choice at 2nd, 5-4 (Groundball, 56S, EV 81.2 MPH)
Ryan Mayes to third
Batting: LHB Geoff Stanton 0-0: 3-RUN HOME RUN (Flyball, 9D, EV 106.2 MPH), Distance : 389 ft
Batting: LHB Nathan Tennant 0-0: Called Strike
0-1: Ball
1-1: Ball
2-1: Fly out, F9 (Flyball, 9LM, EV 108.8 MPH)
Batting: LHB Hyun-oo Kang 0-0: DOUBLE (Flyball, 89XD, EV 100.6 MPH)
Batting: RHB Moises Torres 0-0: Ball
1-0: Foul Ball, location: 2F
1-1: Ground out 3-1 (Groundball, 34, EV 85.6 MPH)
Top of the 3rd over - 3 runs, 3 hits, 0 errors, 1 left on base; Cleburne 3 - Lincoln 2
BOTTOM OF THE 3RD
Lincoln Saltdogs batting - Pitching for Cleburne Railroaders : RHP Joe Jones
Batting: SHB Tony Cantu 0-0: Called Strike
0-1: Ball
1-1: Ball
2-1: Ground out 2-3 (Groundball, 15S, EV 68.8 MPH)
Batting: RHB Mike Cunningham 0-0: Ball
1-0: Fly out, F8 (Flyball, 89M, EV 85.0 MPH)
Batting: LHB Andrew Thatcher 0-0: Ball
1-0: Ball
2-0: Foul Ball, location: 2F
2-1: Ground out U3 (Groundball, 3, EV 98.8 MPH)
Bottom of the 3rd over - 0 runs, 0 hits, 0 errors, 0 left on base; Cleburne 3 - Lincoln 2
TOP OF THE 4TH
Cleburne Railroaders batting - Pitching for Lincoln Saltdogs : RHP Jake Gardner
Batting: RHB Javy Diaz 0-0: Ball
1-0: Swinging Strike
1-1: Foul Ball, location: 2F
1-2: Ball
2-2: Foul Ball, location: 2F
2-2: Ball
3-2: Base on Balls
Batting: RHB Fernando Miranda 0-0: Called Strike
0-1: Ball
1-1: Ball
2-1: Foul Ball, location: 2F
2-2: Fly out, F6 (Line Drive, 6, EV 66.9 MPH)
Batting: RHB Ryan Mayes 0-0: Ball
1-0: Called Strike
1-1: Fly out, F8 (Flyball, 89D, EV 101.2 MPH)
Batting: RHB Andres Reyes 0-0: Called Strike
0-1: Fly out, F6 (Popup, 6MS, EV 72.5 MPH)
Top of the 4th over - 0 runs, 0 hits, 0 errors, 1 left on base; Cleburne 3 - Lincoln 2
BOTTOM OF THE 4TH
Lincoln Saltdogs batting - Pitching for Cleburne Railroaders : RHP Joe Jones
Batting: RHB Noah Dotson 0-0: Ball
1-0: Ball
2-0: Called Strike
2-1: Called Strike
2-2: Ground out 2-3 (Groundball, 2L, EV 68.8 MPH)
Batting: RHB Manny Bentancourt 0-0: Called Strike
0-1: Ball
1-1: Fly out, F6 (Line Drive, 6, EV 67.5 MPH)
Batting: RHB Martin Sarazin 0-0: Called Strike
0-1: Ball
1-1: Ball
2-1: Ball
3-1: Called Strike
3-2: Base on Balls
Batting: RHB Juan Ruiz 0-0: Called Strike
0-1: Ground out U3 (Groundball, 3L, EV 107.5 MPH)
Bottom of the 4th over - 0 runs, 0 hits, 0 errors, 1 left on base; Cleburne 3 - Lincoln 2
TOP OF THE 5TH
Cleburne Railroaders batting - Pitching for Lincoln Saltdogs : RHP Jake Gardner
Batting: RHB Mike Latham 0-0: Ball
1-0: Ball
2-0: Called Strike
2-1: DOUBLE (Line Drive, 7LM, EV 103.1 MPH)
Batting: LHB Geoff Stanton 0-0: Foul Ball, location: 2F
0-1: Ball
1-1: Ball
2-1: Swinging Strike
2-2: Strikes out looking
Batting: LHB Nathan Tennant 0-0: Fly out, F4 (Popup, 4M, EV 55.6 MPH)
Batting: LHB Hyun-oo Kang 0-0: Ball
1-0: Ball
2-0: Foul Ball, location: 2F
2-1: Fly out, F7 (Flyball, 7, EV 80.0 MPH)
Top of the 5th over - 0 runs, 1 hit, 0 errors, 1 left on base; Cleburne 3 - Lincoln 2
BOTTOM OF THE 5TH
Lincoln Saltdogs batting - Pitching for Cleburne Railroaders : RHP Joe Jones
Batting: RHB Jesus Aguilar 0-0: Swinging Strike
0-1: Swinging Strike
0-2: Ball
1-2: DOUBLE (Line Drive, 9LS, EV 99.4 MPH)
Batting: LHB Adrian Moreno 0-0: Ball
1-0: Ball
2-0: Swinging Strike
2-1: SINGLE (Groundball, 34D, EV 96.9 MPH)
Jesus Aguilar to third
Runner from 3rd tries for Home, SAFE, throw by RF to home
Adrian Moreno to second
Batting: SHB Tony Cantu 0-0: 2-RUN HOME RUN (Flyball, 89XD, EV 112.5 MPH), Distance : 422 ft
Pitching: RHP Steve Nieuwsma
Batting: RHB Mike Cunningham 0-0: Ball
1-0: Called Strike
1-1: Ball
2-1: Ball
3-1: Ground out 5-3 (Groundball, 5, EV 80.0 MPH)
Batting: LHB Andrew Thatcher 0-0: Called Strike
0-1: Ball
1-1: Called Strike
1-2: Ball
2-2: Ball
3-2: Strikes out looking
Batting: RHB Noah Dotson 0-0: Ball
1-0: Ball
2-0: Foul Ball, location: 2F
2-1: Foul Ball, location: 2F
2-2: Fly out, F3 (Popup, 23F, EV 85.6 MPH)
Bottom of the 5th over - 3 runs, 3 hits, 0 errors, 0 left on base; Cleburne 3 - Lincoln 5
TOP OF THE 6TH
Cleburne Railroaders batting - Pitching for Lincoln Saltdogs : RHP Jake Gardner
Batting: RHB Moises Torres 0-0: Ball
1-0: Foul Ball, location: 2F
1-1: Called Strike
1-2: Foul Ball, location: 2F
1-2: Ball
2-2: Foul Ball, location: 2F
2-2: Foul Ball, location: 2F
2-2: Ball
3-2: Base on Balls
Pitching: RHP Jake Hohensee
Batting: RHB Javy Diaz 0-0: Fly out, F9 (Line Drive, 9, EV 93.1 MPH)
Batting: RHB Fernando Miranda 0-0: Ball
1-0: Fielders Choice at 2nd, 6-4 (Groundball, 6, EV 83.8 MPH)
Batting: RHB Ryan Mayes 0-0: Fly out, F5 (Popup, 56, EV 73.8 MPH)
Top of the 6th over - 0 runs, 0 hits, 0 errors, 1 left on base; Cleburne 3 - Lincoln 5
BOTTOM OF THE 6TH
Lincoln Saltdogs batting - Pitching for Cleburne Railroaders : RHP Steve Nieuwsma
Batting: RHB Manny Bentancourt 0-0: Called Strike
0-1: Ball
1-1: Ball
2-1: Foul Ball, location: 2F
2-2: Ground out 6-3 (Groundball, 6M, EV 78.1 MPH)
Batting: RHB Martin Sarazin 0-0: Ball
1-0: Ball
2-0: Called Strike
2-1: Ball
3-1: Foul Ball, location: 2F
3-2: Foul Ball, location: 2F
3-2: Base on Balls
Batting: RHB Juan Ruiz 0-0: Foul Ball, location: 2F
0-1: Ball
1-1: 2-RUN HOME RUN (Flyball, 78XD, EV 110.6 MPH), Distance : 428 ft
Batting: RHB Jesus Aguilar 0-0: Called Strike
0-1: Foul Ball, location: 2F
0-2: Ball
1-2: Foul Ball, location: 2F
1-2: Ball
2-2: DOUBLE (Line Drive, 78D, EV 104.4 MPH)
Pitching: RHP Victor Segarra
Batting: LHB Adrian Moreno 0-0: Swinging Strike
0-1: Ball
1-1: Called Strike
1-2: Foul Ball, location: 2F
1-2: Foul Ball, location: 2F
1-2: Ball
2-2: Ball
3-2: Base on Balls
Batting: SHB Tony Cantu 0-0: Called Strike
0-1: DOUBLE (Line Drive, 9LM, EV 88.8 MPH)
Jesus Aguilar scores
Adrian Moreno to third
Batting: RHB Mike Cunningham 0-0: Foul Ball, location: 2F
0-1: Foul Ball, location: 2F
0-2: Foul Ball, location: 2F
0-2: Strikes out swinging
Batting: LHB Andrew Thatcher 0-0: Ball
1-0: Swinging Strike
1-1: Swinging Strike
1-2: Foul Ball, location: 2F
1-2: Fly out, F8 (Line Drive, 8RD, EV 99.4 MPH)
Bottom of the 6th over - 3 runs, 3 hits, 0 errors, 2 left on base; Cleburne 3 - Lincoln 8
TOP OF THE 7TH
Cleburne Railroaders batting - Pitching for Lincoln Saltdogs : RHP Jake Hohensee
Batting: RHB Andres Reyes 0-0: Called Strike
0-1: Ball
1-1: Foul Ball, location: 2F
1-2: Ground out 4-3 (Groundball, 4MS, EV 79.4 MPH)
Batting: RHB Mike Latham 0-0: Called Strike
0-1: Foul Ball, location: 2F
0-2: Foul Ball, location: 2F
0-2: Ball
1-2: Ball
2-2: DOUBLE (Flyball, 78D, EV 91.2 MPH)
Batting: LHB Geoff Stanton 0-0: Foul Ball, location: 2F
0-1: Ball
1-1: SINGLE (Groundball, 25, EV 65.6 MPH) (infield hit)
Mike Latham to third
Batting: LHB Nathan Tennant 0-0: Ball
1-0: Foul Ball, location: 2F
1-1: Ball
2-1: Foul Ball, location: 2F
2-2: Ball
3-2: Base on Balls
Geoff Stanton to second
Batting: LHB Hyun-oo Kang 0-0: Fly out, F9 (Flyball, 9LM, EV 88.8 MPH)
Runner from 3rd tags up, SCORES, no throw by RF
Batting: RHB Moises Torres 0-0: Foul Ball, location: 2F
0-1: Ball
1-1: Swinging Strike
1-2: SINGLE (Groundball, 4, EV 98.1 MPH)
Geoff Stanton to third
Nathan Tennant to second
Runner from 3rd tries for Home, SAFE, throw by CF to home
Batting: RHB Javy Diaz 0-0: Called Strike
0-1: Ball
1-1: Foul Ball, location: 2F
1-2: Fly out, F8 (Flyball, 8LXD, EV 96.9 MPH)
Top of the 7th over - 2 runs, 3 hits, 0 errors, 2 left on base; Cleburne 5 - Lincoln 8
BOTTOM OF THE 7TH
Lincoln Saltdogs batting - Pitching for Cleburne Railroaders : RHP Victor Segarra
Batting: RHB Noah Dotson 0-0: Ball
1-0: Foul Ball, location: 2F
1-1: Ball
2-1: Ball
3-1: Foul Ball, location: 2F
3-2: Strikes out looking
Batting: RHB Manny Bentancourt 0-0: Ball
1-0: Ball
2-0: Ball
3-0: Called Strike
3-1: Base on Balls
Batting: RHB Martin Sarazin 0-0: Called Strike
0-1: Ball
1-1: Foul Ball, location: 2F
1-2: Strikes out swinging
Batting: RHB Juan Ruiz 0-0: Called Strike
0-1: Called Strike
0-2: Ball
1-2: Ground out 5-3 (Groundball, 56S, EV 83.1 MPH)
Bottom of the 7th over - 0 runs, 0 hits, 0 errors, 1 left on base; Cleburne 5 - Lincoln 8
TOP OF THE 8TH
Cleburne Railroaders batting - Pitching for Lincoln Saltdogs : RHP Jake Hohensee
Batting: RHB Fernando Miranda 0-0: Fly out, F4 (Line Drive, 4, EV 65.6 MPH)
Batting: RHB Ryan Mayes 0-0: Ball
1-0: Called Strike
1-1: Ball
2-1: Ball
3-1: SINGLE (Groundball, 6MD, EV 100.6 MPH)
Batting: RHB Andres Reyes 0-0: Ball
1-0: Fly out, F3 (Popup, 34S, EV 83.1 MPH)
Batting: RHB Mike Latham 0-0: Called Strike
0-1: Ball
1-1: Ground out 6-3 (Groundball, 6M, EV 109.4 MPH)
Top of the 8th over - 0 runs, 1 hit, 0 errors, 1 left on base; Cleburne 5 - Lincoln 8
BOTTOM OF THE 8TH
Lincoln Saltdogs batting - Pitching for Cleburne Railroaders : RHP Victor Segarra
Batting: RHB Jesus Aguilar 0-0: SINGLE (Groundball, P, EV 76.9 MPH) (infield hit)
Batting: LHB Adrian Moreno 0-0: Ball
1-0: Fly out, F5 (Line Drive, 5, EV 74.4 MPH)
Batting: SHB Tony Cantu 0-0: Ball
1-0: Ball
2-0: Foul Ball, location: 2F
2-1: Ball
3-1: Foul Ball, location: 2F
3-2: Grounds into double play, 4-6-3 (Groundball, 4M, EV 91.9 MPH)
Bottom of the 8th over - 0 runs, 1 hit, 0 errors, 0 left on base; Cleburne 5 - Lincoln 8
TOP OF THE 9TH
Cleburne Railroaders batting - Pitching for Lincoln Saltdogs : RHP Jake Hohensee
Pitching: RHP Ryan Richardson
Batting: LHB Geoff Stanton 0-0: Foul Ball, location: 2F
0-1: Swinging Strike
0-2: Ball
1-2: Ball
2-2: Foul Ball, location: 2F
2-2: Ball
3-2: Strikes out swinging
Batting: LHB Nathan Tennant 0-0: DOUBLE (Line Drive, 3D, EV 93.8 MPH)
Batting: LHB Hyun-oo Kang 0-0: Called Strike
0-1: Foul Ball, location: 2F
0-2: Ball
1-2: 2-RUN HOME RUN (Flyball, 9LD, EV 103.8 MPH), Distance : 350 ft
Batting: RHB Moises Torres 0-0: Called Strike
0-1: Ball
1-1: Ball
2-1: Fly out, F5 (Line Drive, 5, EV 69.4 MPH)
Batting: RHB Javy Diaz 0-0: Fly out, F8 (Flyball, 8RD, EV 96.2 MPH)
Top of the 9th over - 2 runs, 2 hits, 0 errors, 0 left on base; Cleburne 7 - Lincoln 8
Tuesday, October 26th , 2021 - OOTP Baseball 22.10 Build 79